 Dungeon Crawl Stone Soup version 0.27-a0-34-gc18c9092ac (webtiles) character file.

Game seed: 8547762101297068297

54 pistachioham the Vexing (level 3, 0/20 HPs)
             Began as a Deep Elf Arcane Marksman on Jan 4, 2021.
             Slain by a hobgoblin
             ... wielding a +0 club
              (4 damage)
             ... on level 2 of the Dungeon on Jan 5, 2021.
             The game lasted 00:12:38 (1828 turns).

pistachioham the Vexing (Deep Elf Arcane Marksman)  Turns: 1828, Time: 00:12:39

Health: 0/20       AC:  3    Str:  7    XL:     3   Next: 66%
Magic:  5/7        EV: 13    Int: 17    God:
Gold:   76         SH:  0    Dex: 16    Spells: 2/5 levels left

rFire    . . .     SeeInvis .   b - +0 short sword
rCold    . . .     Faith    .   (no shield)
rNeg     . . .     Spirit   .   e - +0 robe
rPois    .         Reflect  .   (no helmet)
rElec    .         Harm     .   (no cloak)
rCorr    .         Rampage  .   (no gloves)
Will     .....                  g - +0 pair of boots
Stlth    +.........             (no amulet)
HPRegen  0.06/turn              (no ring)
MPRegen  0.10/turn              (no ring)

@: no status effects
A: no striking features
a: no special abilities


You were on level 2 of the Dungeon.
You visited 1 branch of the dungeon, and saw 3 of its levels.

You collected 76 gold pieces.

Inventory:

Hand Weapons
 a - a +0 shortbow
 b - a +0 short sword (weapon)
 f - a +0 dagger
Missiles
 d - 16 arrows
Armour
 e - a +0 robe (worn)
 g - a +0 pair of boots (worn)
Scrolls
 c - 4 scrolls of identify


   Skills:
 - Level 0.7 Fighting
 * Level 4.5 Bows
 - Level 2.5 Dodging
 - Level 1.9 Spellcasting
 + Level 4.7 Hexes


You had 2 spell levels left.
You knew the following spells:

 Your Spells              Type           Power        Failure   Level
a - Corona                Hex            18%          2%          1
b - Slow                  Hex            17%          4%          2

Your spell library contained the following spells:

 Spells                   Type           Power        Failure   Level
 Inner Flame              Hex/Fire       9%           22%         3
 Portal Projectile        Hex/Tloc       18%          22%         3
 Cause Fear               Hex            8%           26%         4
 Leda's Liquefaction      Hex/Erth       4%           58%         4


Dungeon Overview and Level Annotations

Branches:
Dungeon (3/15)

Altars:

Annotations:
D:2 Terence


Message History

You hit the hobgoblin but do no damage.
The hobgoblin is moderately wounded.
The hobgoblin hits you but does no damage.
You hit the hobgoblin.
The hobgoblin is severely wounded.
The hobgoblin closely misses you.
You hit the hobgoblin but do no damage.
The hobgoblin is severely wounded.
The hobgoblin stops glowing.
The hobgoblin hits you with a +0 club.
You hit the hobgoblin but do no damage.
The hobgoblin is severely wounded.
The hobgoblin hits you with a +0 club!
* * * LOW HITPOINT WARNING * * *
Casting: Corona (safe; 2% risk of failure)
Confirm with . or Enter, or press ? or * to list all spells.
Aiming: Corona (safe; 2% risk of failure)
Press: ? - help, Shift-Dir - straight line, f/p - hobgoblin
Aim: a hobgoblin, wielding a +0 club (severely wounded, chance to affect: 71%)
The hobgoblin is outlined in light.
The hobgoblin hits you with a +0 club.
You die...

#. #[# ###.# ...#
# #..# .#
#..##.#.#..
#...g...... #..@#
##..# #..#
#+#############..#
.................#
...#############.#
...# #.# ...# #.#
...# #.#


You could see a hobgoblin (corona).

Vanquished Creatures
  Natasha (D:2)
  A dart slug (D:1)
  A leopard gecko (D:2)
  A giant cockroach (D:1)
  5 goblins
  4 hobgoblins
  A bat (D:1)
  3 frilled lizards
  3 kobolds (D:1)
  8 rats (D:1)
28 creatures vanquished.

Notes
Turn   | Place    | Note
-------+----------+-------------------------------------------
     0 | D:1      | pistachioham the Deep Elf Arcane Marksman began the quest
                  | for the Orb.
     0 | D:1      | Reached XP level 1. HP: 11/11 MP: 5/5
   302 | D:1      | Reached XP level 2. HP: 16/16 MP: 6/6
   306 | D:1      | Learned a level 2 spell: Slow
  1041 | D:2      | Noticed Natasha
  1048 | D:2      | Noticed a crimson imp
  1055 | D:2      | Killed Natasha
  1056 | D:2      | Reached XP level 3. HP: 8/20 MP: 4/7
  1383 | D:2      | Noticed Terence
  1828 | D:2      | Slain by a hobgoblin

Illustrated notes

Levels and vault maps discovered:
D:1:      dpeg_arrival_ratfight, layout_loops_corners, glass_columns_a
D:2:      layout_basic, uniq_terence, uniq_natasha
D:3:      layout_loops_ring

Skill      XL: |  1  2 |
---------------+-------+-----
Bows           | 3 4 |  4.5
Fighting       | |  0.7
Dodging        | |  2.5
Spellcasting   | |  1.9
Hexes          | |  4.7

Action                   || total
-------------------------++-------
Melee: Club              ||     5
       Dagger            ||    40
       Short sword       ||    12
 Fire: Shortbow          ||    45
 Cast: Corona            ||    27
  Use: Potion            ||     1
       Scroll            ||     1
Armor: Robe              ||    12
       Skin              ||     7
Dodge: Dodged            ||    39

Table legend: (Time is in decaauts)
 A = Elapsed time spent in this place.
 B = Non-inter-level travel time spent in this place.
 C = Inter-level travel time spent in this place.
 D = Time resting spent in this place.
 E = Time spent auto-exploring this place.
 F = Levels seen in this place.
 G = Mean time per level.
                   A        B        C        D        E       F      G
               +--------+--------+--------+--------+--------+-----+--------+
         Total |   1844 |   1810 |     34 |    488 |    355 |   3 |  614.7 |
       Dungeon |   1844 |   1810 |     34 |    488 |    355 |   3 |  614.7 |
               +--------+--------+--------+--------+--------+-----+--------+

Top non-repeatable levels by time:
     D:1: 1039 daAuts
     D:2: 775 daAuts
     D:3: 29 daAuts
